 Dungeon Crawl Stone Soup version 0.23.2-33-g5129a83184 (webtiles) character file.

Game seed: 8823538009093778985

683 Folque the Gusty (level 7, -2/36 HPs)
             Began as a Deep Elf Air Elementalist on June 26, 2019.
             Slain by a sky beast (6 damage)
             ... on level 5 of the Dungeon.
             The game lasted 00:18:10 (4479 turns).

Folque the Gusty (Deep Elf Air Elementalist)        Turns: 4479, Time: 00:18:12

Health: -2/36      AC:  5    Str:  5    XL:     7   Next: 35%
Magic:  15/15      EV: 14    Int: 22    God:
Gold:   225        SH:  0    Dex: 15    Spells: 3/14 levels left

rFire    . . .     SeeInvis .   o - +3 quarterstaff (chaos)
rCold    . . .     Gourm    .   (shield currently unavailable)
rNeg     . . .     Faith    .   a - +0 robe
rPois    .         Spirit   .   (no helmet)
rElec    .         Reflect  .   p - +2 cloak {MR+}
rCorr    .         Harm     .   (no gloves)
MR       +....                  (no boots)
Stlth    ++........             (no amulet)
HPRegen  0.12/turn              (no ring)
MPRegen  0.14/turn              (no ring)

@: sluggish, about to teleport, very slow
A: no striking features
a: no special abilities


You were on level 5 of the Dungeon.
You were not hungry.

You visited 1 branch of the dungeon, and saw 5 of its levels.

You collected 225 gold pieces.

Inventory:

Hand Weapons
 g - a +0 spear
 n - a cursed -3 rapier
 o - a +3 quarterstaff of chaos (weapon)
Armour
 a - a +0 robe (worn)
 p - a +2 cloak of magic resistance (worn)
 x - a +2 hat
 y - a +1 pair of gloves
Jewellery
 m - a cursed -3 ring of intelligence {unknown}
 B - an uncursed ring of magical power {unknown}
Scrolls
 b - a scroll of enchant armour {unknown}
 e - 2 scrolls of magic mapping {unknown}
 f - 6 scrolls of teleportation
 h - a scroll of fear {unknown}
 i - 3 scrolls of random uselessness {unknown}
 j - a scroll of amnesia {unknown}
 k - 4 scrolls of remove curse {unknown}
 l - 2 scrolls of enchant weapon {unknown}
 q - a scroll of immolation {unknown}
 s - a scroll of noise {unknown}
 t - a scroll of fog {unknown}
 v - 4 scrolls of identify {unknown}
Potions
 d - a potion of agility {unknown}
 r - a potion of brilliance {unknown}
 u - a potion of curing {unknown}
 w - a potion of cancellation {unknown}
 z - a potion of lignification {unknown}
 C - 2 potions of haste {unknown}
Comestibles
 c - 8 rations


   Skills:
 * Level 4.3 Dodging
 - Level 2.4 Stealth
 - Level 4.0 Spellcasting
 * Level 5.5 Conjurations
 + Level 5.9 Air Magic


You had 3 spell levels left.
You knew the following spells:

 Your Spells              Type           Power        Failure   Level  Hunger
a - Shock                 Conj/Air       ####         1%          1    None
b - Swiftness             Chrm/Air       ###.....     4%          2    #......
c - Static Discharge      Conj/Air       ####....     3%          3    ###....
d - Lightning Bolt        Conj/Air       ####......   30%         5    ######.

Your spell library contained the following spells:

 Spells                   Type           Power        Failure   Level  Hunger
 Beastly Appendage        Tmut           #.....       11%         1    None
 Sticks to Snakes         Tmut           #.......     17%         2    #......
 Spider Form              Tmut/Pois      #.........   32%         3    ###....
 Airstrike                Air            ####......   10%         4    ####...
 Ice Form                 Ice/Tmut       #.......     73%         4    ####...
 Blade Hands              Tmut           #.........   97%         5    ######.


Dungeon Overview and Level Annotations

Branches:
Dungeon (5/15)
 Temple: D:4-7

Altars:
Fedhas
Hepliaklqana
Okawaru
Qazlal
Uskayaw
Wu Jian
Xom


Message History

Something hits you. Something shocks you.
A sky beast appears from thin air!
Reactivating autopickup.
The sky beast hits you but does no damage.
You feel sluggish.
The sky beast flickers out of sight!
Deactivating autopickup; reactivate with Ctrl-A.
A sky beast appears from thin air!
Reactivating autopickup.
The sky beast misses you.
You start to feel a little faster.
The sky beast hits you. The sky beast shocks you.
* * * LOW HITPOINT WARNING * * *
As you read the scroll labeled PAECHA WIUNEI, it crumbles to dust.
You feel strangely unstable.
It was a scroll of teleportation.
The sky beast flickers out of sight!
Deactivating autopickup; reactivate with Ctrl-A.
Something hits you.
* * * LOW HITPOINT WARNING * * *
Something shocks you.
You die...

### # ... # #.# # #.# ## #.# .#
#.# .####.### #.# .....#..# #!#
#####.#.# #@# #####.#.# #{#
........# #.# #####.#.# #.#
#########
###.#.########.########........
#...............ยง......(#######
#.###..........##########
#โ‰ˆโ‰ˆ #.# #.###.###### ##โ‰ˆ#
#.###.###..#### #..'


There were no monsters in sight!

Vanquished Creatures
  2 ogres (D:4)
  An ice beast (D:5)
  A phantom (D:4)
  A scorpion (D:4)
  Crazy Yiuf (D:2)
  A hound (D:4)
  2 bullfrog skeletons (D:4)
  Natasha (twice) (D:2)
  A worker ant (D:5)
  A howler monkey skeleton (D:4)
  3 adders (D:2)
  An ooze (D:3)
  2 adder skeletons (D:4)
  2 worms
  A dart slug (D:1)
  2 leopard geckos (D:3)
  16 orcs
  3 giant cockroaches
  5 goblins
  9 hobgoblins
  A quokka (D:3)
  A ball python (D:4)
  9 bats
  3 frilled lizards
  6 kobolds
  A leopard gecko skeleton (D:4)
  11 rats
89 creatures vanquished.

Notes
Turn   | Place    | Note
-------+----------+-------------------------------------------
     0 | D:1      | Folque the Deep Elf Air Elementalist began the quest for
                  | the Orb.
     0 | D:1      | Reached XP level 1. HP: 10/10 MP: 6/6
   162 | D:1      | Reached XP level 2. HP: 14/15 MP: 4/8
   780 | D:2      | Noticed Natasha
   783 | D:2      | Noticed a crimson imp
   785 | D:2      | Killed Natasha
   785 | D:2      | Reached XP level 3. HP: 19/19 MP: 5/10
   796 | D:2      | Learned a level 3 spell: Static Discharge
   799 | D:2      | Learned a level 2 spell: Swiftness
  1101 | D:2      | Found a stormy altar of Qazlal.
  1701 | D:2      | Found a shimmering altar of Xom.
  1718 | D:2      | Found a hide-covered altar of Uskayaw.
  1720 | D:2      | Reached XP level 4. HP: 12/24 MP: 8/12
  1809 | D:2      | Found an iron altar of Okawaru.
  2163 | D:2      | Noticed Natasha
  2173 | D:2      | Killed Natasha
  2308 | D:2      | Found a runed translucent door.
  2309 | D:2      | Noticed Crazy Yiuf
  2319 | D:2      | Killed Crazy Yiuf
  2319 | D:2      | Reached XP level 5. HP: 10/28 MP: 2/13
  2967 | D:3      | Found a blossoming altar of Fedhas.
  3108 | D:4      | Reached skill level 5 in Air Magic
  3402 | D:4      | Found an ornate altar of the Wu Jian Council.
  3462 | D:4      | Noticed an ogre
  3474 | D:4      | Killed an ogre
  3474 | D:4      | Reached XP level 6. HP: 13/32 MP: 3/14
  3481 | D:4      | Learned a level 5 spell: Lightning Bolt
  3730 | D:4      | Reached skill level 5 in Conjurations
  3730 | D:4      | Reached XP level 7. HP: 36/36 MP: 0/15
  4129 | D:5      | Entered Level 5 of the Dungeon
  4342 | D:5      | Found a hazy altar of Hepliaklqana.
  4479 | D:5      | Slain by a sky beast

Skill      XL: |  1  2  3  4  5  6  7 |
---------------+----------------------+-----
Conjurations   | 2 3 4 5 |  5.5
Spellcasting   | 4 |  4.0
Air Magic      | 4 5 |  5.9
Dodging        | 3 4 |  4.3
Stealth        | |  2.4

Action                   |  1- 3 |  4- 6 |  7- 9 || total
-------------------------+-------+-------+-------++-------
Melee: Unarmed           |     3 |       |       ||     3
       Spear             |    35 |     6 |       ||    41
       Quarterstaff      |       |    72 |    11 ||    83
Throw: Throwing net      |       |       |     3 ||     3
 Cast: Shock             |    48 |    50 |     9 ||   107
       Static Discharge  |     2 |    10 |     1 ||    13
       Swiftness         |     1 |     2 |     1 ||     4
       Lightning Bolt    |       |     2 |     1 ||     3
  Use: Scroll            |       |       |     1 ||     1
 Stab: Sleeping          |     2 |     3 |       ||     5
       Distracted        |       |     1 |       ||     1
       Held in net/web   |       |       |     1 ||     1
  Eat: Chunk             |     1 |    10 |       ||    11
       Ration            |       |       |     1 ||     1
Armor: Robe              |    10 |    14 |     6 ||    30
Dodge: Dodged            |    41 |    67 |    13 ||   121
